AoeStats
← Joaking

Arena

506719888Analyzed
4v4 RM · 17d ago on Sep 14, 2026· 56m 38s· 8 players
Game mode
Random Map
Map size
Large (8 player)
Population
200
Speed
Normal
Resources
Standard
Victory
Conquest
Starting age
Dark Age
Ending age
Imperial Age
RankedLock teamsTeams togetherTeam positionsShared explorationLock speedFull tech treeHidden civsTurbo modeCheats
Victory
Defeat
🇸🇪 Mongols · Sweden
1017
+13
🇪🇸 Goths · Spain
932
+17
🇸🇪 Mapuche · Sweden
897
+18
🇮🇹 Italians · Italy
888
+19
🇨🇱 Britons · Chile
1001
-19
🇷🇺 Turks · Russia
982
-18
🇲🇽 Magyars · Mexico
957
-17
🇬🇧 Bohemians · United Kingdom
865
-13
Master of Ludus
0:28 Loom
12:19 Feudal Age
17:12 Horse Collar
17:20 Double-Bit Axe
19:45 Castle Age
19:39 Wheelbarrow
18:49 Town Watch
20:26 Gold Mining
20:29 Stone Mining
23:43 Stone Shaft Mining
26:00 Scale Mail Armor
26:11 Forging
29:47 Hand Cart
33:35 Imperial Age
31:42 Anarchy
33:42 Bow Saw
33:45 Scale Mail Armor
33:36 Fletching
34:06 Masonry
34:38 Heavy Plow
35:43 Two-Man Saw
35:05 Conscription
35:09 Squires
36:18 Crop Rotation
35:55 Town Patrol
36:39 Iron Casting
36:03 Pikeman
37:16 Chain Mail Armor
36:49 Halberdier
39:34 Blast Furnace
38:40 Perfusion
38:25 Elite Skirmisher
40:03 Padded Archer Armor
40:27 Ballistics
40:40 Architecture
44:52 Chemistry
43:50 Bodkin Arrow
44:13 Leather Archer Armor
44:26 Capped Ram
45:24 Elite Huskarl
53:44 Caravan
55:37 Bracer
56:07 Ring Archer Armor
55:40 Murder Holes
AnzPriz
9:31 Loom
11:17 Feudal Age
12:34 Double-Bit Axe
13:27 Wheelbarrow
13:12 Horse Collar
16:44 Castle Age
18:37 Bow Saw
23:05 Heavy Plow
24:18 Stone Mining
25:33 Scale Barding Armor
27:27 Caravan
27:33 Gold Mining
28:19 Stone Shaft Mining
28:50 Hand Cart
33:12 Imperial Age
31:05 Chain Barding Armor
30:56 Forging
30:47 Padded Archer Armor
30:37 Fletching
31:03 Husbandry
31:14 Bloodlines
30:26 Light Cavalry
31:35 Thumb Ring
33:20 Gold Shaft Mining
32:52 Elite Skirmisher
34:36 Iron Casting
33:58 Bodkin Arrow
34:18 Leather Archer Armor
33:51 Hussar
35:01 Conscription
34:31 Capped Ram
38:56 Blast Furnace
41:28 Siege Ram
43:50 Bracer
44:12 Ballistics
43:49 Murder Holes
45:00 Chemistry
45:50 Elite Mangudai
55:56 Drill
Sämstsson
11:09 Feudal Age
15:35 Castle Age
14:12 Double-Bit Axe
14:35 Horse Collar
20:27 Bow Saw
20:22 Champi Runner
23:40 Gold Mining
24:55 Wheelbarrow
24:29 Heavy Plow
28:13 Malon
30:04 Fletching
30:44 Hand Cart
30:15 Loom
31:28 Padded Archer Armor
31:24 Bodkin Arrow
31:50 Caravan
32:45 Gold Shaft Mining
33:42 Elite Skirmisher
36:54 Imperial Age
36:27 Pikeman
37:49 Halberdier
37:58 Elite Bolas Rider
38:49 Butalmapu
39:12 Forging
39:19 Leather Archer Armor
39:07 Scale Mail Armor
40:34 Arson
40:50 Champi Warrior
44:55 Iron Casting
44:36 Chain Mail Armor
45:22 Elite Champi Warrior
55:34 Murder Holes
55:45 Siege Engineers
55:50 Masonry
55:51 Clinker Construction
55:51 Careening
56:02 Ballistics
55:44 Atonement
55:44 Devotion
56:19 Theocracy
55:40 Herbal Medicine
56:02 Leather Archer Armor
56:18 Plate Mail Armor
56:20 Coinage
56:25 Crop Rotation
55:44 Town Watch
55:52 Stone Mining
56:28 Conscription
55:29 Elite Kona
55:31 Crossbowman
56:01 Treadmill Crane
56:07 Arrowslits
57:35 Ring Archer Armor
58:06 Blast Furnace
57:10 Town Patrol
Sheyrein
3:38 Loom
5:27 Loom
10:56 Feudal Age
13:48 Double-Bit Axe
19:47 Castle Age
19:08 Horse Collar
19:21 Gold Mining
21:31 Bow Saw
22:04 Pikeman
25:12 Wheelbarrow
24:24 Town Watch
26:09 Crossbowman
26:55 Thumb Ring
27:05 Thumb Ring
29:08 Fletching
29:18 Padded Archer Armor
29:48 Bodkin Arrow
30:36 Stone Mining
32:18 Silk Road
33:45 Leather Archer Armor
36:32 Imperial Age
34:39 Town Patrol
36:25 Stone Shaft Mining
36:43 Elite Genoese Crossbowman
37:46 Conscription
38:57 Pirotechnia
42:06 Hand Cart
41:56 Heavy Plow
42:00 Bracer
42:30 Ring Archer Armor
42:59 Elite Skirmisher
45:11 Two-Man Saw
46:35 Forging
48:52 Cavalier
54:16 Arbalester
57:18 Iron Casting
56:43 Scale Mail Armor
56:48 Scale Barding Armor
57:06 Sanctity
56:46 Devotion
57:12 Illumination
56:15 Light Cavalry
56:55 Husbandry
56:18 Man-at-Arms
56:59 Squires
56:25 Man-at-Arms
56:50 Arson
sam.hodges1989
5:44 Loom
11:44 Feudal Age
16:43 Castle Age
16:35 Double-Bit Axe
17:41 Horse Collar
23:25 Wheelbarrow
26:43 Heavy Plow
27:32 Hand Cart
29:12 Bow Saw
30:37 Chemistry
33:26 Imperial Age
30:56 Pikeman
32:40 Forging
32:31 Scale Mail Armor
33:05 Caravan
34:27 Iron Casting
34:18 Houfnice
34:38 Halberdier
38:11 Blast Furnace
37:27 Chain Mail Armor
38:42 Conscription
43:20 Plate Mail Armor
El Tlatoani
10:54 Feudal Age
17:14 Castle Age
17:24 Double-Bit Axe
31:59 Imperial Age
29:16 Loom
30:33 Stone Mining
30:34 Gold Mining
30:33 Horse Collar
31:07 Bow Saw
32:14 Wheelbarrow
32:05 Heavy Plow
32:23 Corvinian Army
33:12 Conscription
32:18 Elite Magyar Huszar
34:18 Fletching
34:33 Scale Barding Armor
35:06 Hand Cart
36:46 Two-Man Saw
36:35 Pikeman
37:39 Halberdier
40:25 Murder Holes
41:32 Chemistry
40:47 Heavy Scorpion
42:44 Ballistics
Joaking
11:21 Feudal Age
17:24 Castle Age
20:31 Wheelbarrow
19:42 Town Watch
19:46 Loom
20:15 Town Watch
27:30 Fletching
27:40 Padded Archer Armor
28:27 Hand Cart
29:03 Yeomen
29:30 Ballistics
32:38 Imperial Age
30:25 Bodkin Arrow
31:41 Leather Archer Armor
31:48 Fortified Wall
31:28 Double-Bit Axe
31:29 Horse Collar
32:41 Elite Longbowman
33:42 Conscription
33:31 Bracer
35:16 Chemistry
35:37 Ring Archer Armor
35:39 Town Patrol
35:46 Heavy Plow
36:00 Bow Saw
39:34 Warwolf
41:57 Scale Mail Armor
42:08 Forging
42:22 Pikeman
43:03 Squires
42:48 Arson
43:50 Chain Mail Armor
44:11 Iron Casting
43:33 Halberdier
45:18 Plate Mail Armor
50:02 Onager
ЦЕНТНЕР
10:51 Feudal Age
16:49 Castle Age
15:48 Double-Bit Axe
24:33 Ballistics
26:04 Horse Collar
27:12 Wheelbarrow
29:54 Bow Saw
30:55 Padded Archer Armor
30:46 Fletching
32:47 Stone Mining
34:37 Leather Archer Armor
34:18 Bodkin Arrow
36:00 Caravan
38:43 Imperial Age
39:37 Artillery
41:09 Bracer
41:39 Ring Archer Armor
44:51 Elite Janissary
Connection lost

Rejoining the realm…

Still unreachable

The connection could not be restored.

Session expired

The server has moved on; the page needs a fresh start.